 Dungeon Crawl Stone Soup version 0.28.0-43-g3370ac3207 (webtiles) character file.

Game seed: 2381382827916091107

65 croobank the Sneak (level 4, -2/27 HPs)
             Began as an Octopode Fire Elementalist on Mar 5, 2022.
             Killed by miscasting Flame Wave (15 damage)
             ... on level 3 of the Dungeon.
             The game lasted 00:05:34 (1625 turns).

croobank the Sneak (Octopode Fire Elementalist)     Turns: 1625, Time: 00:05:36

Health: -2/27      AC:  1    Str:  7    XL:     4   Next: 13%
Magic:  1/7        EV: 13    Int: 19    God:
Gold:   64         SH:  0    Dex: 12    Spells: 0/7 levels left

rFire   . . .      SeeInvis .   a - +2 dagger (flame)
rCold   . . .      Faith    .   (no shield)
rNeg    . . .      Spirit   .   (helmet restricted)
rPois   .          Reflect  .   d - amulet of magic regeneration
rElec   .          Harm     .   (no ring)
rCorr   .          Rampage  .   (no ring)
Will    .....                   (no ring)
Stlth   +++.......              (no ring)
HPRegen 0.09/turn               (no ring)
MPRegen 0.50/turn               (no ring)
                                (no ring)
                                (no ring)

@: very slightly contaminated
A: almost no armour, amphibious, 8 rings, camouflage 1, gelatinous body 1,
(nimble swimmer 1), tentacles
a: no special abilities


You were on level 3 of the Dungeon.
You visited 1 branch of the dungeon, and saw 3 of its levels.

You collected 64 gold pieces.

Inventory:

Hand Weapons
 a - a +2 dagger of flaming (weapon)
 b - a +0 hunting sling
Missiles
 e - 55 stones
 f - 30 sling bullets
Jewellery
 d - an amulet of magic regeneration (around mantle)
Scrolls
 g - a scroll of blinking {unknown}
Potions
 c - a potion of heal wounds {unknown}
 h - a potion of curing {unknown}
 i - a potion of cancellation {unknown}


   Skills:
 + Level 2.6 Dodging
 + Level 3.5 Stealth
 + Level 2.4 Spellcasting
 + Level 1.9 Conjurations
 + Level 3.4 Fire Magic


You couldn't memorise any spells.
You knew the following spells:

 Your Spells              Type           Power      Damage    Failure   Level
a - Foxfire               Conj/Fire      48%        2x1d6     5%          1
b - Scorch                Fire           30%        2d7       6%          2
c - Flame Wave            Conj/Fire      12%        2d6       47%         4

Your spell library contained the following spells:

 Spells                   Type           Power      Damage    Failure   Level
 Conjure Flame            Conj/Fire      12%        6-21      16%         3
 Inner Flame              Hex/Fire       8%         N/A       24%         3


Dungeon Overview and Level Annotations

Branches:
Dungeon (3/15)

Altars:
Okawaru


Innate Abilities, Weirdness & Mutations

You cannot wear most types of armour.
You are amphibious.
You can wear up to eight rings at the same time.
Your skin changes colour to match your surroundings (Stealth+).
Your rubbery body absorbs attacks. (AC +1, EV +1)
((You are camouflaged when in or above water. (Stealth+)))
You have tentacles for arms and can constrict up to eight enemies at once.


Message History

The hobgoblin hits you.
You hit the hobgoblin but do no damage. Your grab misses the hobgoblin.
Your squeeze misses the hobgoblin. The hobgoblin barely misses you.
You hit the hobgoblin. You burn the hobgoblin. You grab the hobgoblin.
The hobgoblin is severely wounded.
You constrict the hobgoblin, but do no damage.
The hobgoblin misses you.
You hit the hobgoblin but do no damage.
You squeeze the hobgoblin, but do no damage.
The hobgoblin is severely wounded.
You constrict the hobgoblin. The hobgoblin hits you.
You hit the hobgoblin. You burn the hobgoblin.
You kill the hobgoblin!
Done exploring.
Done exploring.
There is an escape hatch in the floor here.
You slide downwards.
The hatch slams shut behind you.
The orc shouts! x3
Casting: Foxfire (safe; 5% risk of failure)
Confirm with . or Enter, or press ? or * to list all spells.
Flames lash the orc.
The orc is heavily wounded.
The orc's fire resistance burns away.
The orc hits you with a +0 mace. The orc closely misses you.
The orc misses you.
Casting: Scorch (safe; 6% risk of failure)
Confirm with . or Enter, or press ? or * to list all spells.
You conjure some foxfire!
A hobgoblin comes into view.
The orc hits you with a +0 mace. The orc hits you with a +0 club.
The orc hits you from afar with a +0 trident.
Casting: Foxfire (safe; 5% risk of failure)
Confirm with . or Enter, or press ? or * to list all spells.
The spell is potentially lethal to miscast (47% risk of failure)!
Continue anyway?
Casting: Flame Wave (potentially lethal; 47% risk of failure)
Press: ? - help, Dir - look around, f - activate You miscast Flame Wave.
You are very lightly contaminated with residual magic.
You are blasted with searing flames!
Ouch! That really hurt!
You die...

.........#
.........#
.........#
#.......#
#.......#
##.......#
.......v.#
#....o@.#
#....ov.o.....
#......######.
#......#
###+###g . .
#.


You could see 3 orcs and a hobgoblin.

Vanquished Creatures
  A worm (D:2)
  A dart slug (D:1)
  7 endoplasms
  6 giant cockroaches
  4 hobgoblins
  5 jackals (D:1)
  2 quokkas (D:2)
  4 ball pythons (D:1)
  3 bats (D:1)
  A frilled lizard (D:2)
  5 goblins
  7 kobolds
  8 rats
54 creatures vanquished.

Vanquished Creatures (others)
  93 foxfires
93 creatures vanquished.

Grand Total: 147 creatures vanquished

Notes
Turn   | Place    | Note
-------+----------+-------------------------------------------
     0 | D:1      | croobank the Octopode Fire Elementalist began the quest for
                  | the Orb.
     0 | D:1      | Reached XP level 1. HP: 11/11 MP: 3/3
   178 | D:1      | Reached XP level 2. HP: 17/17 MP: 5/5
   181 | D:1      | Learned a level 2 spell: Scorch
   445 | D:1      | Reached XP level 3. HP: 21/21 MP: 3/6
   912 | D:2      | Found an iron altar of Okawaru.
  1374 | D:2      | Reached XP level 4. HP: 27/27 MP: 7/7
  1379 | D:2      | Learned a level 4 spell: Flame Wave
  1625 | D:3      | Killed by miscasting Flame Wave

Illustrated notes

Levels and vault maps discovered:
D:1:      dpeg_arrival_three_same_balls, layout_loops_ring, serial_glass,
          glass_columns_b, glass_columns_a, kennysheep_minor_cross,
          chequers_serial_rivers_micro_c
D:2:      layout_loops_cross, basic_altar
D:3:      minmay_goblin_kobold_castle, layout_basic,
          lemuel_coloured_pillars_altar,
          shapermc_ecumenical_altar_mp_urbaneastern, uniq_natasha

Skill      XL: |  1  2 |
---------------+-------+-----
Stealth        | 3 |  3.5
Dodging        | |  2.6
Spellcasting   | |  2.4
Conjurations   | |  1.9
Fire Magic     | |  3.4

Action                   |  1- 3 |  4- 6 || total
-------------------------+-------+-------++-------
Melee: Dagger            |    10 |     9 ||    19
       Unarmed           |     2 |       ||     2
       Constrict         |     5 |     2 ||     7
       Tentacles         |     4 |     2 ||     6
 Cast: Foxfire           |    55 |     3 ||    58
       Scorch            |    15 |     1 ||    16
  Use: Scroll            |     1 |       ||     1
Armor: Skin              |     2 |       ||     2
Dodge: Dodged            |     8 |     8 ||    16
